 Dungeon Crawl Stone Soup version 0.28-a0-2-g643f2454ad (webtiles) character file.

Game seed: 3570195902151442298

164814 robertstho the Tortoise (level 17, -1/238 (243) HPs)
             Began as a Minotaur Berserker on July 22, 2021.
             Was the Champion of Trog.
             Slain by a tyrant leech (17 damage)
             ... on level 2 of the Swamp.
             The game lasted 00:36:07 (25512 turns).

robertstho the Tortoise (Minotaur Berserker)       Turns: 25512, Time: 00:36:08

HP:   -1/238 (243)  AC: 35    Str: 32    XL:     17   Next: 26%
MP:   16/16         EV:  9    Int: 13    God:    Trog [******]
Gold: 2547          SH:  5    Dex: 15    Spells: 16/16 levels left

rFire   + + .      SeeInvis .   Z - +10 battleaxe of Integrity {flame, rF+}
rCold   + . .      Faith    .   (shield currently unavailable)
rNeg    + . .      Spirit   .   G - +7 gold dragon scales
rPois   +          Reflect  +   H - +1 hat {Stlth+}
rElec   .          Harm     .   w - +0 cloak
rCorr   +          Rampage  .   z - +2 pair of gloves
Will    +....                   (no boots)
Stlth   ..........              F - amulet of reflection
HPRegen 0.49/turn               N - ring of the Tired Gods {*Slow rN+ rCorr Int+8 Slay+3}
MPRegen 0.15/turn               I - ring of the King {Drain rPois Str+6 Dex+3}

@: berserking (expiring), slowed, lightly drained, very slow
A: horns 2, retaliatory headbutt
a: Renounce Religion, Berserk, Trog's Hand, Brothers in Arms


You were on level 2 of the Swamp.
You worshipped Trog.
Trog was exalted by your worship.
You visited 4 branches of the dungeon, and saw 25 of its levels.
You also visited: Ossuary, Gauntlet and Ice Cave.

You collected 3130 gold pieces.
You spent 583 gold pieces at shops.

Inventory:

Hand Weapons
 a - the +6 spear "Kuturawk" {elec, rPois Dex+3}
   (You found it on level 6 of the Dungeon)

   It occasionally discharges a powerful burst of electricity upon striking a
   foe.
   Dex:       It affects your dexterity (+3).
   rPois:     It protects you from poison.
 A - the +8 mithril axe "Arga" {speed, Will+}
   (Trog gifted it to you on level 12 of the Dungeon)

   Attacks with this weapon are significantly faster.
   Will:      It increases your willpower.
 O - a +4 scimitar of flaming
 Z - the +10 battleaxe of Integrity (weapon) {flame, rF+}
   (Trog gifted it to you on level 1 of the Swamp)

   It burns those it strikes, dealing additional fire damage.
   Big, fiery blades are also staple armaments of hydra-hunters.
   rF:        It protects you from fire.
Missiles
 B - a throwing net (quivered)
 X - 6 boomerangs of dispersal
Armour
 n - a +0 kite shield
 w - a +0 cloak (worn)
 z - a +2 pair of gloves (worn)
 G - +7 gold dragon scales (worn)
 H - a +1 hat of stealth (worn)
Jewellery
 b - a +4 ring of protection
 e - a +6 ring of strength
 q - an amulet of the acrobat
 v - a ring of fire
 C - a ring of flight
 D - an amulet of regeneration
 F - an amulet of reflection (around neck)
 I - the ring of the King (right hand) {Drain rPois Str+6 Dex+3}
   (You found it in a Gauntlet)

   [ring of strength]

   Str:       It affects your strength (+6).
   Dex:       It affects your dexterity (+3).
   rPois:     It protects you from poison.
   Drain:     It drains your maximum health when unequipped.
 N - the ring of the Tired Gods (left hand) {*Slow rN+ rCorr Int+8 Slay+3}
   (You found it in a Gauntlet)

   [ring of positive energy]

   Int:       It affects your intelligence (+8).
   Slay:      It affects your accuracy & damage with ranged weapons and melee
   (+3).
   rN:        It protects you from negative energy.
   rCorr:     It protects you from acid and corrosion.
   *Slow:     It may slow you when you take damage.
 V - a ring of protection from fire
 W - a ring of ice
Wands
 i - a wand of acid (28)
 p - a wand of iceblast (47)
 Q - a wand of digging (6)
Scrolls
 f - 4 scrolls of identify
 g - 2 scrolls of immolation
 h - 4 scrolls of blinking
 j - 4 scrolls of fog
 o - 2 scrolls of summoning
 r - 10 scrolls of teleportation
 y - 2 scrolls of magic mapping
 E - a scroll of silence
 J - 3 scrolls of enchant weapon
 L - 5 scrolls of fear
 M - a scroll of holy word
 T - 2 scrolls of enchant armour
Potions
 c - 3 potions of magic
 d - 4 potions of might
 k - 12 potions of curing
 l - 7 potions of haste
 m - 5 potions of flight
 s - 8 potions of mutation
 t - 4 potions of ambrosia
 u - 10 potions of heal wounds
 x - 4 potions of lignification
 P - 3 potions of berserk rage
 R - a potion of invisibility
 S - 3 potions of cancellation
 Y - 5 potions of attraction
Miscellaneous
 K - a box of beasts
 U - a condenser vane


   Skills:
 * Level 17.5 Fighting
 + Level 17.9(18.8) Axes
 + Level 10.6(15.3) Polearms
 * Level 18.1 Armour
 + Level 4.6 Dodging
 + Level 1.2 Stealth
 + Level 11.9 Shields
 + Level 1.2 Evocations


You had 16 spell levels left.
You didn't know any spells.
Your spell library was empty.

Dungeon Overview and Level Annotations

Branches:
Dungeon (15/15)            Temple (0/1) D:6            Lair (6/6) D:10
  Swamp (2/4) Lair:2        Snake (0/4) Lair:3        Slime (0/5) Lair:5
    Orc (2/2) D:10            Elf (0/3) Orc:2        Vaults (0/5) D:13
 Depths (0/5) D:15        Ossuary (visited)           IceCv (visited)
Gauntlet (visited)

Altars:
Dithmenos
Elyvilon
Fedhas
Gozag
Hepliaklqana
Kikubaaqudgha
Makhleb
Okawaru
Sif Muna
Uskayaw
Vehumet
Yredelemnul
The Shining One
Beogh
Jiyva

Shops:
D:8 (!![   D:15 *   Orc:2 [:*(

Portals:
Trove: D:15 (give +4 fire dragon scales)

Annotations:
Lair:1 2 transporters, Spaninq's ghost, novice DsGl


Innate Abilities, Weirdness & Mutations

You have a pair of horns on your head.
You reflexively headbutt those who attack you in melee.


Message History

The spectral spriggan air mage hits you but does no damage.
The tyrant leech is engulfed in spectral mist.
The tyrant leech dies!
The swamp dragon is engulfed in spectral mist.
The swamp dragon bites you!
* * * LOW HITPOINT WARNING * * *
The swamp dragon barely misses you.
The swamp dragon tramples you but does no damage.
Your unstable footing causes you to fumble your attack.
The spectral spriggan air mage hits you.
* * * LOW HITPOINT WARNING * * *
The tyrant leech bites you!
* * * LOW HITPOINT WARNING * * *
The tyrant leech draws strength from your injuries!
The ghost crab bites you but does no damage.
The ghost crab barely misses you.
The spriggan hits you but does no damage.
The spectral spriggan air mage closely misses you.
The swamp dragon is engulfed in spectral mist.
The swamp dragon barely misses you. You block the swamp dragon's attack.
The swamp dragon tramples you but does no damage.
The spectral spriggan air mage fades away!
The spectral spriggan air mage hits you.
* * * LOW HITPOINT WARNING * * *
The swamp dragon is engulfed in spectral mist.
The swamp dragon dies!
The ghost crab bites you.
* * * LOW HITPOINT WARNING * * *
The ghost crab claws you but does no damage.
You feel a strong urge to attack something.
The bunyip howls a warning cry!
The spectral spriggan air mage hits you.
* * * LOW HITPOINT WARNING * * *
You partially resist.
You feel drained.
* * * LOW HITPOINT WARNING * * *
The tyrant leech bites you.
* * * LOW HITPOINT WARNING * * *
The tyrant leech draws strength from your injuries!
The tyrant leech bites you!
You die...

≈≈. ♣♣...≈♣♣ ♣♣≈.♣♣ ♣♣
♣≈≈♣♣♣$≈≈≈≈.♣♣ ♣.≈..♣♣.♣
≈..≈♣[≈≈♣≈§.≈♣ ♣♣.§≈<♣.♣
.♣≈§...≈≈≈≈≈≈♣ ♣..>♣..♣
.≈≈≈§≈≈≈≈○≈≈≈♣♣♣♣.....♣♣
≈≈..≈≈..°...≈.♣♣..)...♣
≈.≈≈≈§≈ix≈≈♣.≈..§≈≈...♣
≈.≈≈≈≈○twZ≈≈.§♣≈§≈≈.(≈♣
≈≈...°<.w@..≈≈§≈.≈..)♣♣
..≈§♣≈≈>.♣
≈≈...≈≈≈.≈≈≈≈≈≈≈≈§)..♣
≈♣≈≈≈♣§≈.≈≈.≈≈≈≈≈≈♣.♣
≈≈...≈§.≈≈.≈≈≈≈.♣.♣♣
≈§≈≈≈≈♣.≈..≈≈≈.♣...
≈≈.≈≈.≈≈≈≈.♣


You could see a bunyip (catching breath), 2 tyrant leeches, a ghost crab, a
spectral spriggan berserker (summoned), a spectral spriggan air mage (summoned)
and a spriggan.

Vanquished Creatures
  Rupert (D:15)
  Jorgrun (D:15)
  Gastronok (D:12)
  A fenstrider witch (Swamp:1)
  A frost giant (IceCv)
  An orc warlord (Orc:2)
  Nessos (D:15)
  A minotaur (Gauntlet)
  An eleionoma (Swamp:1)
  Harold (D:7)
  14 hydras
  2 ogre magi (D:15)
  Fannar (D:10)
  A vault guard (D:15)
  Erica (Orc:1)
  4 boulder beetles
  7 centaur warriors
  2 dancing weapons (D:13)
  4 alligators
  A tengu warrior (D:14)
  16 two-headed ogres
  7 death yaks (IceCv)
  An orc high priest (Orc:2)
  Sonja (D:10)
  The ghost of indyram44 the Covered, a novice DsFi (D:6)
  2 spriggan druids (Swamp:2)
  2 goliath frogs
  A lindwurm (Lair:6)
  A swamp dragon (shapeshifter) (D:14)
  A wizard (D:15)
  3 swamp dragons (Swamp:1)
  4 bog bodies
  2 orc knights
  A deep elf zephyrmancer (D:15)
  A necromancer (D:15)
  2 oklob plants (Lair:4)
  10 ugly things (D:15)
  2 deep elf pyromancers
  4 manticores
  7 cyclopes
  7 orc sorcerers
  A will-o-the-wisp (Swamp:2)
  Maurice (D:12)
  An ice statue (IceCv)
  A gargoyle (D:12)
  3 elephants (Lair:4)
  4 black mambas
  2 centaur skeletons (D:15)
  10 cane toads
  2 torpor snails
  A kobold demonologist (D:10)
  Psyche (D:12)
  9 rime drakes
  11 komodo dragons
  A freezing wraith (D:15)
  2 efreet
  11 trolls
  A harpy skeleton (D:15)
  12 polar bears
  2 tyrant leeches (Swamp:1)
  8 hornets
  A raiju (Gauntlet)
  3 slime creatures (D:14)
  A dream sheep (Lair:6)
  5 blink frogs
  3 centaur simulacra
  14 spriggans
  2 wyverns
  36 yaks
  A vampire (D:12)
  3 wraiths
  A shadow (D:12)
  4 basilisks
  3 steam dragons
  14 vampire mosquitoes
  Menkaure (D:7)
  Edmund (D:5)
  2 wargs (Orc:2)
  2 acid dragons (D:10)
  A swamp worm (Swamp:2)
  3 nagas (Lair:3)
  26 orc warriors
  12 water moccasins
  A swamp drake (Swamp:1)
  Duvessa (D:7)
  An ice beast (D:4)
  3 necrophages
  A sky beast (D:8)
  4 black bears
  38 wolves
  11 ogres
  4 boggarts (Lair:6)
  12 centaurs
  A phantom (D:5)
  4 elf zombies (Ossuary)
  3 kobold brigands
  An earth elemental (D:15)
  11 bullfrogs
  2 gnoll sergeants (D:10)
  Dowan (D:7)
  4 scorpions
  A water moccasin zombie (D:7)
  A wyvern skeleton (D:7)
  A hornet simulacrum (Gauntlet)
  7 killer bees
  2 oklob saplings (D:9)
  3 howler monkeys
  4 electric eels
  8 centaur zombies
  A jelly (D:6)
  6 human zombies (Ossuary)
  6 orc priests
  2 hounds
  3 iguanas
  16 orc wizards
  3 mummies (Ossuary)
  8 adders
  3 gnolls (D:3)
  An ufetubus (D:5)
  A worm (D:3)
  4 dart slugs
  57 orcs
  13 ball pythons
  4 bats
  7 endoplasms
  2 giant cockroaches
  6 hobgoblins
  5 jackals
  17 kobolds
  6 quokkas
  A frilled lizard (D:2)
  4 goblins
  2 rats
654 creatures vanquished.

Vanquished Creatures (others)
  A swamp dragon (Swamp:2)
  A will-o-the-wisp (Swamp:2)
  A tyrant leech (Swamp:2)
  A hornet (Swamp:2)
  2 orc warriors (Orc:2)
  10 foxfires (Swamp:2)
  25 fungi
  30 plants
  A withered plant (Gauntlet)
72 creatures vanquished.

Grand Total: 726 creatures vanquished

Notes
Turn   | Place    | Note
-------+----------+-------------------------------------------
     0 | D:1      | robertstho the Minotaur Berserker began the quest for the
                  | Orb.
     0 | D:1      | Reached XP level 1. HP: 19/19 MP: 0/0
   125 | D:1      | Reached XP level 2. HP: 20/27 MP: 1/1
   518 | D:1      | Reached XP level 3. HP: 33/33 MP: 2/2
   851 | D:2      | Reached ** piety under Trog
  1071 | D:2      | Found a faded altar of an unknown god.
  1531 | D:3      | Reached skill level 3 in Armour
  1531 | D:3      | Reached XP level 4. HP: 11/41 MP: 3/3
  1905 | D:3      | Reached skill level 5 in Axes
  2005 | D:3      | Found an opulent altar of Gozag.
  2008 | D:3      | Found a radiant altar of Vehumet.
  2244 | D:3      | Found a glowing golden altar of the Shining One.
  2247 | D:3      | Found a hide-covered altar of Uskayaw.
  2508 | D:3      | Found a burning altar of Makhleb.
  2745 | D:4      | Reached XP level 5. HP: 47/47 MP: 4/4
  2792 | D:4      | Noticed an ice beast
  2796 | D:4      | Killed an ice beast
  2797 | D:4      | Reached skill level 5 in Fighting
  2797 | D:4      | Reached skill level 4 in Armour
  2814 | D:4      | Found a shimmering blue altar of Sif Muna.
  3114 | D:4      | Found a sand-covered staircase.
  3199 | Ossuary  | Entered an ossuary
  3221 | Ossuary  | Reached skill level 5 in Armour
  3221 | Ossuary  | Reached XP level 6. HP: 34/56 MP: 5/5
  3396 | Ossuary  | Reached XP level 7. HP: 61/61 MP: 6/6
  3531 | Ossuary  | Reached skill level 6 in Armour
  3632 | D:5      | Entered Level 5 of the Dungeon
  3736 | D:5      | Reached *** piety under Trog
  3798 | D:5      | Reached XP level 8. HP: 50/71 MP: 7/7
  3884 | D:5      | Found a hazy altar of Hepliaklqana.
  3884 | D:5      | Noticed Edmund
  3895 | D:5      | Killed Edmund
  3896 | D:5      | Reached skill level 7 in Armour
  3896 | D:5      | Found a faded altar of an unknown god.
  4732 | D:6      | Found a staircase to the Ecumenical Temple.
  4874 | D:6      | Reached skill level 8 in Armour
  4936 | D:6      | Found an iron altar of Okawaru.
  4946 | D:6      | Identified the +6 spear "Kuturawk" {elec, rPois Dex+3}
  5045 | D:6      | Reached skill level 1 in Shields
  5057 | D:6      | Found a runed translucent door.
  5058 | D:6      | Noticed indyram44's ghost (novice DsFi)
  5180 | D:6      | Killed indyram44's ghost
  5181 | D:6      | Reached skill level 1 in Polearms
  5181 | D:6      | Reached XP level 9. HP: 82/82 MP: 8/8
  5220 | D:7      | Reached skill level 9 in Armour
  5274 | D:7      | Found a basalt altar of Yredelemnul.
  5319 | D:7      | Found a shadowy altar of Dithmenos.
  5321 | D:7      | Found an ancient bone altar of Kikubaaqudgha.
  5733 | D:7      | Noticed Dowan
  5735 | D:7      | Noticed Duvessa
  5739 | D:7      | Killed Duvessa
  5742 | D:7      | Killed Dowan
  5880 | D:7      | Noticed a troll
  5885 | D:7      | Killed a troll
  5886 | D:7      | Reached skill level 10 in Armour
  5998 | D:7      | Noticed Harold
  6012 | D:7      | Killed Harold
  6013 | D:7      | Reached skill level 10 in Axes
  6013 | D:7      | Reached XP level 10. HP: 84/91 MP: 9/9
  6021 | D:7      | Reached **** piety under Trog
  6032 | D:7      | Noticed Menkaure
  6038 | D:7      | Killed Menkaure
  6601 | D:8      | Found Xismoseo's Distillery.
  6604 | D:8      | Found Foqaq's Antique Armour Emporium.
  6731 | D:8      | Found Lem Epheuj's Distillery.
  6731 | D:8      | Found Fotzix's Weapon Boutique.
  6739 | D:8      | Bought a potion of brilliance for 56 gold pieces
  6739 | D:8      | Bought a potion of mutation for 112 gold pieces
  6739 | D:8      | Bought a potion of flight for 42 gold pieces
  6745 | D:8      | Bought a potion of ambrosia for 120 gold pieces
  6847 | D:8      | Reached skill level 11 in Armour
  6883 | D:8      | Reached skill level 5 in Polearms
  7033 | D:8      | Found a blossoming altar of Fedhas.
  7545 | D:9      | Noticed a two-headed ogre
  7554 | D:9      | Killed a two-headed ogre
  7555 | D:9      | Reached skill level 10 in Fighting
  8063 | D:9      | Reached ***** piety under Trog
  8671 | D:10     | Entered Level 10 of the Dungeon
  8671 | D:10     | Noticed Sonja
  8688 | D:10     | Killed Sonja
  8689 | D:10     | Reached skill level 12 in Armour
  9078 | D:10     | Reached XP level 11. HP: 99/100 MP: 10/10
  9209 | D:10     | Reached skill level 5 in Shields
  9316 | D:10     | Noticed a two-headed ogre
  9329 | D:10     | Killed a two-headed ogre
  9654 | D:10     | Noticed Fannar
  9663 | D:10     | Killed Fannar
  9664 | D:10     | Reached skill level 13 in Armour
  9888 | D:10     | Found a staircase to the Lair.
  9991 | D:10     | Found a staircase to the Orcish Mines.
 10340 | D:11     | Noticed a boulder beetle
 10340 | D:11     | Noticed a two-headed ogre
 10344 | D:11     | Killed a two-headed ogre
 10349 | D:11     | Killed a boulder beetle
 10554 | D:11     | Found a gate leading to a gauntlet.
 10563 | Gauntlet | Entered a Gauntlet
 10563 | Gauntlet | Found a transporter.
 10563 | Gauntlet | Found a transporter.
 10563 | Gauntlet | Found the amulet of Vitality {Regen+ HP+15}
 10571 | Gauntlet | Found a transporter.
 10575 | Gauntlet | Found a transporter.
 10579 | Gauntlet | Found a runed translucent door.
 10579 | Gauntlet | Found a runed translucent door.
 10583 | Gauntlet | Found a transporter.
 10587 | Gauntlet | Found a transporter.
 10595 | Gauntlet | Found a transporter.
 10612 | Gauntlet | Found a transporter.
 10630 | Gauntlet | Found a transporter.
 10630 | Gauntlet | Found a transporter.
 10641 | Gauntlet | Found a transporter.
 10645 | Gauntlet | Found a transporter.
 10646 | Gauntlet | Found a runed translucent door.
 10693 | Gauntlet | Reached XP level 12. HP: 82/110 MP: 11/11
 10986 | Gauntlet | Identified the ring of the King {Drain rPois Str+6 Dex+3}
 11021 | Gauntlet | Identified the ring of the Tired Gods {*Slow rN+ rCorr
                  | Int+8 Slay+3}
 11060 | Gauntlet | Noticed a minotaur
 11067 | Gauntlet | Killed a minotaur
 11068 | Gauntlet | Reached skill level 14 in Armour
 11076 | Gauntlet | Identified the +1 plate armour "Cuaf" {rElec rN+ Str-5
                  | Int+7}
 11396 | D:11     | Noticed a two-headed ogre
 11404 | D:11     | Killed a two-headed ogre
 11647 | D:11     | Noticed a boulder beetle
 11660 | D:11     | Killed a boulder beetle
 11661 | D:11     | Reached skill level 10 in Polearms
 11661 | D:11     | Reached skill level 1 in Stealth
 11907 | D:12     | Noticed Maurice
 11914 | D:12     | Killed Maurice
 12034 | D:12     | Noticed Psyche
 12041 | D:12     | Killed Psyche
 12041 | D:12     | Received a gift from Trog
 12042 | D:12     | Found the +8 mithril axe "Arga" {speed, Will+}
 12107 | D:12     | Noticed Gastronok
 12113 | D:12     | Noticed a two-headed ogre
 12118 | D:12     | Killed Gastronok
 12119 | D:12     | Killed a two-headed ogre
 12237 | D:12     | Noticed a boulder beetle
 12244 | D:12     | Killed a boulder beetle
 12245 | D:12     | Reached skill level 15 in Armour
 12555 | D:12     | Noticed a two-headed ogre
 12560 | D:12     | Killed a two-headed ogre
 12843 | D:13     | Found a frozen archway.
 12851 | IceCv    | Entered an ice cave
 12985 | IceCv    | Noticed a death yak
 12986 | IceCv    | Noticed a death yak
 12992 | IceCv    | Killed a death yak
 12993 | IceCv    | Reached XP level 13. HP: 118/118 MP: 12/12
 13329 | IceCv    | Noticed a frost giant
 13346 | IceCv    | Killed a frost giant
 13747 | D:13     | Found a gate to the Vaults.
 14939 | D:14     | You fall into a shaft and drop 1 floor!
 14939 | D:15     | Entered Level 15 of the Dungeon
 15341 | D:15     | Found a white marble altar of Elyvilon.
 15426 | D:15     | Received a gift from Trog
 15428 | D:15     | Reached XP level 14. HP: 108/130 MP: 13/13
 15430 | D:15     | Reached skill level 16 in Armour
 15540 | D:15     | Found Vuno's Pet Rocks.
 15878 | D:15     | Noticed Rupert
 15890 | D:15     | Killed Rupert
 16003 | D:15     | Noticed Jorgrun
 16014 | D:15     | Killed Jorgrun
 16298 | D:15     | Found a staircase to the Depths.
 16357 | D:15     | Reached skill level 15 in Axes
 16357 | D:15     | Reached skill level 10 in Shields
 16403 | D:15     | Reached skill level 15 in Fighting
 16413 | D:15     | Noticed Nessos
 16418 | D:15     | Killed Nessos
 16611 | D:15     | Found a portal to a secret trove of treasure.
 17044 | Lair:1   | Entered Level 1 of the Lair of Beasts
 17108 | Lair:1   | Received a gift from Trog
 17124 | Lair:1   | Noticed Spaninq's ghost (novice DsGl)
 17339 | Lair:1   | Found a transporter.
 17340 | Lair:1   | Found a transporter.
 17434 | Lair:1   | Reached XP level 15. HP: 141/141 MP: 14/14
 18249 | Lair:2   | Found a staircase to the Swamp.
 18821 | Lair:3   | Found a staircase to the Snake Pit.
 19765 | Lair:4   | Reached skill level 17 in Armour
 19858 | Lair:4   | Found the +2 robe of Vines {NoPotionHeal Regen+++}
 20833 | Lair:4   | Reached skill level 1 in Evocations
 20833 | Lair:4   | Reached XP level 16. HP: 95/151 MP: 15/15
 21176 | Lair:5   | Found a viscous altar of Jiyva.
 21176 | Lair:5   | Found a staircase to the Slime Pits.
 21373 | Lair:6   | Entered Level 6 of the Lair of Beasts
 21703 | Lair:6   | Found a hide-covered altar of Uskayaw.
 21763 | Lair:6   | Reached ****** piety under Trog
 21770 | Lair:6   | Received a gift from Trog
 22768 | Orc:1    | Entered Level 1 of the Orcish Mines
 22921 | Orc:2    | Entered Level 2 of the Orcish Mines
 22956 | Orc:2    | Found Cylut's Antique Weapon Shop.
 23077 | Orc:2    | Found Xutef's Book Emporium.
 23158 | Orc:2    | Found Gydaexodd's General Store.
 23275 | Orc:2    | Bought a scroll of identify for 26 gold pieces
 23275 | Orc:2    | Bought a potion of heal wounds for 65 gold pieces
 23275 | Orc:2    | Bought a potion of curing for 39 gold pieces
 23275 | Orc:2    | Bought a scroll of identify for 26 gold pieces
 23275 | Orc:2    | Bought a scroll of blinking for 97 gold pieces
 23289 | Orc:2    | Found a staircase to the Elven Halls.
 23427 | Orc:2    | Found Situekoor's Antique Armour Boutique.
 24001 | Orc:1    | Noticed Erica
 24008 | Orc:1    | Killed Erica
 24177 | Swamp:1  | Entered Level 1 of the Swamp
 24204 | Swamp:1  | Reached XP level 17. HP: 146/161 MP: 16/16
 24621 | Swamp:1  | Identified the +10 battleaxe of Integrity {flame, rF+}
                  | (Trog gifted it to you on level 1 of the Swamp)
 24621 | Swamp:1  | Received a gift from Trog
 24730 | Swamp:1  | Reached skill level 18 in Armour
 25512 | Swamp:2  | Slain by a tyrant leech

Illustrated notes

Levels and vault maps discovered:
D:1:      zelgadis_glass_arrival_small, layout_loops_ring,
          hangedman_feature_mirror
D:2:      layout_loops_ring, hellmonk_ecumenical_altar_arch_garden,
          chequers_decorated_corner
D:3:      layout_loops_ring, grunt_temple_overflow_cloverleaf,
          lightli_temple_of_fire, minmay_circle_x
D:4:      layout_rooms, marbit_many_paths, nicolae_ossuary_entry_ruins
D:5:      layout_basic, beargit_hepliaklqana_dungeon_heroes
D:6:      layout_cave_pools, okawaru_ov_weapons_minmay,
          minmay_temple_entry_gardened_gates, ebering_ghost_reflecting_pool,
          kennysheep_generic_room_12
D:7:      layout_loops_corners, minitemple, uniq_duvessa, uniq_harold,
          uniq_menkaure
D:8:      layout_basic, fedhas_altar_4, nicolae_wooded_promenade,
          kennysheep_small_square
D:9:      layout_basic, hex_large, introduction_to_nature_1
D:10:     minmay_polygon_palace, layout_irregular_city, david_lair_shrubbed,
          david_orc_5, uniq_fannar, uniq_sonja
D:11:     layout_roguey, gauntlet_entry_generic, minmay_variable_closet,
          serial_bayou_pond_d
D:12:     layout_grid_maze, uniq_psyche, uniq_maurice, uniq_gastronok
D:13:     layout_roguey, erik_vaults_1, portal_ice_cave_entry_pillars_2
D:14:     layout_basic, hangedman_decor_cross_pass
D:15:     grunt_enter_depths_magical_seal, layout_grid_maze, enter_trove_5,
          elyvilon_altar_3, grunt_decor_cap, guppyfry_shop_earth, uniq_nessos,
          uniq_jorgrun, uniq_rupert
Lair:1:   layout_regular_city, gammafunk_ghost_arena,
          chequers_serial_rivers_micro_a, grunt_megastairs_4
Lair:2:   layout_regular_city, swamp_mist, serial_bayou, serial_bayou_crossing,
          serial_bayou_ford_a, serial_bayou_pond_e, serial_bayou_pond_e,
          wad_woods_road_02, chequers_serial_rivers_micro_c
Lair:3:   layout_regular_city, minmay_snake_entry_guardpost_small, minmay_holes
Lair:4:   layout_concentric_octagons, hellmonk_guarded_unrand_vines,
          infiniplex_staircase_pool
Lair:5:   layout_misc_corridors, slime_altar_1, beast_lair_carwin_2,
          lemuel_fruit_fields
Lair:6:   minmay_lair_end_enchanted_forest, layout_regular_city, basic_altar
Swamp:1:  layout_basic_swamp, evilmike_swamp_ruin_house_2, swamp_pool3,
          st_swamp_mini
Swamp:2:  layout_falls_marsh, evilmike_swamp_ruin_house_1, uniq_louise
Orc:1:    layout_diamond_mine, uniq_erica
Orc:2:    grunt_orc_gardens, layout_caves, grunt_orc_garden, grunt_orc_garden,
          grunt_orc_garden, grunt_orc_garden

Skill      XL: |  1  2  3  4  5  6  7  8  9 10 11 12 13 14 15 16 17 |
---------------+----------------------------------------------------+-----
Fighting       | 4 5 6 8 9 10 11 12 13 15 16 17 | 17.5
Axes           | 4 5 6 7 9 10 11 13 15 16 17 | 17.9
Armour         | 3 5 6 8 10 12 13 15 16 17 18 | 18.1
Shields        | 1 2 4 6 8 9 10 11 | 11.9
Polearms       | 1 3 7 9 10 | 10.6
Dodging        | 3 4 |  4.6
Stealth        | 1 |  1.2
Evocations     | 1 |  1.2

Action                   |  1- 3 |  4- 6 |  7- 9 | 10-12 | 13-15 | 16-18 || total
-------------------------+-------+-------+-------+-------+-------+-------++-------
Melee: Hand axe          |    71 |    90 |   114 |       |       |       ||   275
       Headbutt          |     9 |    25 |    34 |   112 |   171 |    93 ||   444
       Spear             |       |       |    45 |   425 |       |       ||   470
       War axe           |       |       |     3 |       |       |       ||     3
       Broad axe         |       |       |       |    70 |   497 |   324 ||   891
       Battleaxe         |       |       |       |       |       |    72 ||    72
Throw: Throwing net      |       |       |       |     1 |       |       ||     1
Invok: Berserk           |     2 |     3 |     7 |     9 |     1 |     3 ||    25
       Trog's Hand       |       |     1 |     1 |     1 |       |       ||     3
       Brothers in Arms  |       |       |       |     1 |       |       ||     1
Evoke: Wand              |       |       |       |     1 |       |       ||     1
  Use: Scroll            |     1 |       |    12 |     8 |     4 |    10 ||    35
       Potion            |       |       |       |     1 |     1 |       ||     2
Armor: Animal skin       |     3 |       |       |       |       |       ||     3
       Plate armour      |    32 |    80 |    85 |    37 |    17 |       ||   251
       Chain mail        |       |       |    10 |   109 |       |       ||   119
       Crystal plate arm |       |       |       |       |   206 |       ||   206
       Gold dragon scale |       |       |       |       |       |   238 ||   238
Dodge: Dodged            |    27 |    50 |    48 |    86 |    85 |   100 ||   396
Block: Kite shield       |       |       |    29 |   173 |   336 |   220 ||   758
       Reflection        |       |       |       |     6 |    28 |     4 ||    38
       Other             |       |       |       |       |       |    23 ||    23

Table legend: (Time is in decaauts)
 A = Elapsed time spent in this place.
 B = Non-inter-level travel time spent in this place.
 C = Inter-level travel time spent in this place.
 D = Time resting spent in this place.
 E = Time spent auto-exploring this place.
 F = Levels seen in this place.
 G = Mean time per level.
                   A        B        C        D        E       F      G
               +--------+--------+--------+--------+--------+-----+--------+
         Total |  25443 |  24295 |   1148 |   1349 |  19362 |  28 |  908.7 |
       Dungeon |  15231 |  14596 |    635 |    806 |  11718 |  15 | 1015.4 |
          Lair |   5648 |   5319 |    329 |    182 |   4486 |   6 |  941.3 |
         Swamp |   1353 |   1319 |     34 |      0 |   1125 |   2 |  676.5 |
  Orcish Mines |   1280 |   1130 |    150 |      0 |    966 |   2 |  640.0 |
       Ossuary |    437 |    437 |      0 |    114 |    226 |   1 |  437.0 |
      Ice Cave |    833 |    833 |      0 |      0 |    585 |   1 |  833.0 |
      Gauntlet |    659 |    659 |      0 |    247 |    255 |   1 |  659.0 |
               +--------+--------+--------+--------+--------+-----+--------+

Top non-repeatable levels by time:
    D:15: 1890 daAuts
    D:10: 1665 daAuts
     D:9: 1398 daAuts
     D:7: 1370 daAuts
     D:3: 1307 daAuts
  Lair:6: 1211 daAuts
 Swamp:1: 1186 daAuts
  Lair:4: 1133 daAuts
    D:11: 961 daAuts
     D:6: 958 daAuts
  Lair:2: 938 daAuts
  Lair:3: 886 daAuts
    D:12: 852 daAuts
    D:13: 840 daAuts
   IceCv: 833 daAuts
